 Dungeon Crawl Stone Soup version 0.23.2-1-ga50397a6bc (webtiles) character file.

Game seed: 10061569934194099092

46 granthlord the Shield-Bearer (level 3, 0/33 HPs)
             Began as a Minotaur Fighter on May 25, 2019.
             Slain by a gnoll
             ... wielding a +0 club
              (4 damage)
             ... on level 2 of the Dungeon on May 26, 2019.
             The game lasted 00:05:01 (1436 turns).

granthlord the Shield-Bearer (Minotaur Fighter)     Turns: 1436, Time: 00:05:01

Health: 0/33       AC: 11    Str: 21    XL:     3   Next: 46%
Magic:  2/2        EV:  7    Int:  5    God:
Gold:   46         SH:  9    Dex:  9    Spells: 2/2 levels left

rFire    . . .     SeeInvis .   a - +0 war axe
rCold    . . .     Gourm    .   c - +0 shield
rNeg     . . .     Faith    .   b - +0 scale mail
rPois    .         Spirit   .   (helmet restricted)
rElec    .         Reflect  .   (no cloak)
rCorr    .         Harm     .   n - +2 pair of gloves
MR       .....                  i - +0 pair of boots
Stlth    ..........             (no amulet)
HPRegen  0.11/turn              (no ring)
MPRegen  0.08/turn              (no ring)

@: no status effects
A: retaliatory headbutt, horns 2
a: no special abilities


You were on level 2 of the Dungeon.
You were hungry.

You visited 1 branch of the dungeon, and saw 2 of its levels.

You collected 46 gold pieces.

Inventory:

Hand Weapons
 a - a +0 war axe (weapon)
 k - a +1 hunting sling of freezing
Missiles
 g - 20 poisoned needles
Armour
 b - a +0 scale mail (worn)
 c - a +0 shield (worn)
 i - a +0 pair of boots (worn)
 n - a +2 pair of gloves (worn)
 o - a +1 pair of gloves
Jewellery
 l - an uncursed amulet of the gourmand {unknown}
Scrolls
 e - a scroll of amnesia {unknown}
 h - 3 scrolls of teleportation {unknown}
 j - a scroll of identify {unknown}
Potions
 d - a potion of might
 m - a potion of degeneration {unknown}
Comestibles
 f - 5 rations


   Skills:
 + Level 4.1 Fighting
 + Level 3.4 Axes
 + Level 3.9 Armour
 + Level 0.1 Stealth
 + Level 4.2 Shields


You had 2 spell levels left.
You didn't know any spells.
Your spell library was empty.

Dungeon Overview and Level Annotations

Branches:
Dungeon (2/15)

Altars:


Innate Abilities, Weirdness & Mutations

You reflexively headbutt those who attack you in melee.
You have a pair of horns on your head.


Message History

You barely miss the gnoll.
The gnoll is moderately wounded.
You hit the gnoll but do no damage. You hit the gnoll.
The gnoll hits you from afar with a +0 halberd!
The gnoll completely misses you. You furiously retaliate!
You headbutt the gnoll. You block the gnoll's attack. x3
Your scale mail prevents you from hitting the gnoll.
The gnoll is heavily wounded.
You slash the gnoll!
You kill the gnoll!
You closely miss the gnoll. You block the gnoll's attack.
The gnoll hits you from afar with a +0 halberd!
The gnoll hits you but does no damage.
The gnoll hits you from afar with a +0 halberd.
* * * LOW HITPOINT WARNING * * *
You hit the gnoll.
The gnoll is almost dead.
You closely miss the gnoll. You block the gnoll's attack.
The gnoll hits you with a +0 club.
You die...

.####.#########..........# #
.............##..........#
.............##..........###
.............##.............
.............##.............
.............##.............
..........g)......####...###
..#########gg.............#
. #@....##........#
#.....##......(.#
#.....##.######## #.....##.#
########.# #.# ###


You could see 3 gnolls.

Vanquished Creatures
  A gnoll (D:2)
  3 leopard geckos (D:1)
  5 bats (D:1)
  A giant cockroach (D:1)
  3 goblins
  3 hobgoblins (D:1)
  4 jackals
  5 kobolds
  2 frilled lizards (D:1)
  3 rats (D:1)
30 creatures vanquished.

Notes
Turn   | Place    | Note
-------+----------+-------------------------------------------
     0 | D:1      | granthlord the Minotaur Fighter began the quest for the
                  | Orb.
     0 | D:1      | Reached XP level 1. HP: 19/19 MP: 0/0
   316 | D:1      | Reached XP level 2. HP: 20/27 MP: 1/1
  1277 | D:2      | Reached XP level 3. HP: 33/33 MP: 2/2
  1436 | D:2      | Slain by a gnoll

Skill      XL: |  1  2  3 |
---------------+----------+-----
Fighting       | 4 |  4.1
Shields        | 4 |  4.2
Axes           | 3 |  3.4
Armour         | |  3.9
Stealth        | |  0.1

Action                   || total
-------------------------++-------
Melee: War axe           ||    82
       Headbutt          ||     8
  Eat: Chunk             ||     1
Armor: Scale mail        ||    53
Dodge: Dodged            ||    22
Block: Shield            ||    58
